 Dungeon Crawl Stone Soup version 0.30-a0-570-g486de37d69 (webtiles) character file.

Game seed: 5717890095499060606

140 Ijustatesigmund the Trooper (level 5, -1/48 HPs)
             Began as a Hill Orc Fighter on Dec 29, 2022.
             Slain by a white imp (3 damage)
             ... summoned by Natasha
             ... on level 3 of the Dungeon.
             The game lasted 00:02:02 (1960 turns).

Ijustatesigmund the Trooper (Hill Orc Fighter)      Turns: 1960, Time: 00:02:03

Health: -1/48      AC: 10    Str: 21    XL:     5   Next: 23%
Magic:  5/5        EV:  9    Int:  8    God:
Gold:   109        SH:  4    Dex: 10    Spells: 4/4 levels left

rFire   . . .      SeeInvis +    a - +0 war axe
rCold   . . .      Faith    .    c - +0 buckler
rNeg    . . .      Spirit   .    b - +0 scale mail
rPois   .          Reflect  .    (no helmet)
rElec   .          Harm     .    p - +0 cloak
rCorr   .          Rampage  .    (no gloves)
Will    .....                    (no boots) Stlth
                                 (no amulet)
HPRegen 0.28/turn                (no ring)
MPRegen 0.09/turn                (no ring)

@: no status effects
A: iridescent scales 1, see invisible, devolution 1
a: no special abilities


You were on level 3 of the Dungeon.
You visited 1 branch of the dungeon, and saw 3 of its levels.

You collected 109 gold pieces.

Inventory:

Hand Weapons
 a - a +0 war axe (weapon)
Armour
 b - a +0 scale mail (worn)
 c - a +0 buckler (worn)
 p - a +0 cloak (worn)
Scrolls
 e - 6 scrolls of identify {unknown}
 h - 2 scrolls of noise {unknown}
 k - 2 scrolls of fear {unknown}
 l - a scroll of immolation {unknown}
 q - a scroll of brand weapon {unknown}
Potions
 d - 2 potions of might
 f - a potion of ambrosia {unknown}
 g - a potion of attraction {unknown}
 i - a potion of heal wounds {unknown}
 j - a potion of magic {unknown}
 m - a potion of mutation
 n - 2 potions of cancellation {unknown}
 o - a potion of lignification {unknown}


   Skills:
 + Level 5.5 Fighting
 + Level 5.2 Axes
 - Level 3.2 Armour
 - Level 3.2 Shields


You had 4 spell levels left.
You didn't know any spells.
Your spell library contained the following spells:

 Spells                   Type           Power      Damage    Failure   Level
 Leda's Liquefaction      Hex/Erth       0%         N/A       100%        4
 Lee's Rapid Deconstruct  Erth           0%         3d4*      100%        5
 Statue Form              Tmut/Erth      0%         N/A       100%        6


Dungeon Overview and Level Annotations

Branches:
Dungeon (3/15)

Altars:

Annotations:
D:3 2 transporters, Natasha


Innate Abilities, Weirdness & Mutations

You are partially covered in iridescent scales. (AC +2)
You have supernaturally acute eyesight. (SInv)
You have hidden genetic defects.


Message History

You hit Natasha.
Natasha is lightly wounded.
Natasha claws you.
Natasha zaps a wand.
The roots erupt in riotous growth!
The grasping roots grab you!
Natasha is unaffected.
The grasping roots constrict you.
You are too injured to fight recklessly!
You are too injured to fight recklessly!
You are too injured to fight recklessly!
You are too injured to fight recklessly!
You are too injured to fight recklessly!
You are too injured to fight recklessly!
You are too injured to fight recklessly!
You are too injured to fight recklessly!
You are too injured to fight recklessly!
You are too injured to fight recklessly!
You are too injured to fight recklessly!
You closely miss Natasha.
Natasha is lightly wounded.
Natasha casts a spell.
The grasping roots constrict you.
You barely miss Natasha.
Natasha is lightly wounded.
Natasha completely misses you. The grasping roots constrict you.
* * * LOW HITPOINT WARNING * * *
The white imp gestures at you. The puff of frost hits you!
* * * LOW HITPOINT WARNING * * *
You slash Natasha!
Natasha is severely wounded.
Natasha claws you but does no damage. The grasping roots constrict you.
* * * LOW HITPOINT WARNING * * *
The grasping roots release their grip on you.
It was a potion of mutation.
You feel extremely strange.
Iridescent scales grow over part of your body.
You feel a hidden malignance growing inside you.
Your vision sharpens.
Natasha closely misses you. The white imp hits you.
* * * LOW HITPOINT WARNING * * *
The white imp freezes you.
You die...

..#....# #....#
###.###..####....#
..#.###h.........#
###.#.#.....###..##.
...#...##### ##..+.
..#..##..©.. #..#.
#.#.##....#..##...
#.#.#...#...#.#.##
#.#@#.##..##. . #...
#..5h.©#.#...#.##...
###.#.##. (.#$#....
...#.# (#©...
#####.# .#.... #.#
.##... #.. #... ##.
#.## . #.


You could see Natasha and a white imp (summoned).

Vanquished Creatures
  Crazy Yiuf (D:2)
  Natasha (twice) (D:3)
  An adder (D:2)
  2 worms (D:2)
  4 bats (D:2)
  6 endoplasms
  A giant cockroach (D:3)
  7 goblins
  A hobgoblin (D:1)
  4 jackals (D:1)
  A quokka (D:1)
  2 ball pythons (D:1)
  3 frilled lizards
  8 kobolds
  7 rats
50 creatures vanquished.

Notes
Turn   | Place    | Note
-------+----------+-------------------------------------------
     0 | D:1      | Ijustatesigmund the Hill Orc Fighter began the quest for
                  | the Orb.
     0 | D:1      | Reached XP level 1. HP: 19/19 MP: 1/1
   174 | D:1      | Reached XP level 2. HP: 26/27 MP: 2/2
   760 | D:1      | Reached XP level 3. HP: 34/34 MP: 3/3
  1443 | D:2      | Found a runed translucent door.
  1444 | D:2      | Noticed Crazy Yiuf
  1453 | D:2      | Killed Crazy Yiuf
  1454 | D:2      | Reached skill level 5 in Fighting
  1454 | D:2      | Reached XP level 4. HP: 42/42 MP: 4/4
  1743 | D:3      | Noticed Natasha
  1748 | D:3      | Killed Natasha
  1749 | D:3      | Reached skill level 5 in Axes
  1864 | D:3      | Found a transporter.
  1874 | D:3      | Reached XP level 5. HP: 48/48 MP: 5/5
  1882 | D:3      | Found a transporter.
  1889 | D:3      | Noticed Natasha
  1898 | D:3      | Killed Natasha
  1943 | D:3      | Noticed Natasha
  1960 | D:3      | Gained mutation: You are partially covered in iridescent
                  | scales. (AC +2) [potion of mutation]
  1960 | D:3      | Gained mutation: You have hidden genetic defects. [potion
                  | of mutation]
  1960 | D:3      | Gained mutation: You have supernaturally acute eyesight.
                  | (SInv) [potion of mutation]
  1960 | D:3      | HP: 2/48 [white imp[Natasha] (2)]
  1960 | D:3      | Slain by a white imp

Illustrated notes

Levels and vault maps discovered:
D:1:      heliophobic_arrival_henge, layout_basic, minivault_4
D:2:      layout_loops_ring, kennysheep_generic_room_6, uniq_crazy_yiuf_cottage
D:3:      layout_basic, chequers_temple_overflow_statue_of_worship,
          mainiacjoe_overflow_boulevard, lemuel_crystal_altar,
          gammafunk_ghost_stat_death, amcnicky_mini_rare_corridor_liquid,
          minmay_fractal_squares_5, uniq_natasha

Skill      XL: |  1  2  3  4 |
---------------+-------------+-----
Axes           | 3 4 5 |  5.2
Fighting       | 4 5 |  5.5
Armour         | |  3.2
Shields        | |  3.2

Action                   |  1- 3 |  4- 6 || total
-------------------------+-------+-------++-------
Melee: War axe           |   123 |    27 ||   150
  Use: Potion            |       |     1 ||     1
Armor: Scale mail        |    47 |    11 ||    58
Dodge: Dodged            |    53 |     6 ||    59
Block: Buckler           |    40 |     2 ||    42

Table legend: (Time is in decaauts)
 A = Elapsed time spent in this place.
 B = Non-inter-level travel time spent in this place.
 C = Inter-level travel time spent in this place.
 D = Time resting spent in this place.
 E = Time spent auto-exploring this place.
 F = Levels seen in this place.
 G = Mean time per level.
                   A        B        C        D        E       F      G
               +--------+--------+--------+--------+--------+-----+--------+
         Total |   2020 |   1958 |     62 |     48 |   1518 |   3 |  673.3 |
       Dungeon |   2020 |   1958 |     62 |     48 |   1518 |   3 |  673.3 |
               +--------+--------+--------+--------+--------+-----+--------+

Top non-repeatable levels by time:
     D:1: 893 daAuts
     D:2: 868 daAuts
     D:3: 259 daAuts
